 Dungeon Crawl Stone Soup version 0.31.0-32-g396128a36d (webtiles) character file.

Game seed: 4369189758276953261

97 Peloso the Covered (level 4, -12/41 HPs)
             Began as a Minotaur Fighter on Mar 27, 2024.
             Mangled by an ogre
             ... wielding a +0 giant club
              (21 damage)
             ... on level 4 of the Dungeon.
             The game lasted 00:03:48 (2175 turns).

Peloso the Covered (Minotaur Fighter)               Turns: 2175, Time: 00:03:49

Health: -12/41     AC:  7    Str: 20    XL:     4   Next: 42%
Magic:  3/3        EV:  9    Int:  5    God:
Gold:   78         SH:  5    Dex: 12    Spells: 3/3 levels left

rFire   . . .        a - +0 long sword
rCold   . . .        c - +0 buckler
rNeg    . . .        b - +0 scale mail
rPois   .            (helmet restricted)
rElec   .            (no cloak)
rCorr   .            (no gloves)
SInv    .            (no boots)
Will    .....        (no amulet) Stlth
                     (no ring)
HPRegen 0.26/turn    (no ring)
MPRegen 0.08/turn

%: no passive effects
@: no status effects
A: horns 2, retaliatory headbutt
a: no special abilities


You were on level 4 of the Dungeon.
You visited 1 branch of the dungeon, and saw 5 of its levels.

You collected 78 gold pieces.

Inventory:

Hand Weapons
 a - a +0 long sword (weapon)
Armour
 b - a +0 scale mail (worn)
 c - a +0 buckler (worn)
Jewellery
 i - an amulet of faith
Wands
 m - a wand of flame (16)
Scrolls
 f - a scroll of acquirement
Potions
 d - 3 potions of might
 e - a potion of curing {unknown}
 h - a potion of attraction
 j - 2 potions of degeneration {unknown}
 k - a potion of enlightenment {unknown}
 l - a potion of brilliance {unknown}


   Skills:
 + Level 4.3 Fighting
 + Level 3.1 Long Blades
 + Level 4.9 Armour
 + Level 0.5 Dodging
 + Level 4.2 Shields


You had 3 spell levels left.
You didn't know any spells.
Your spell library contained the following spells:

 Spells                   Type           Power      Damage    Failure   Level
 Necrotise                Necr           0%         1d4       87%         1
 Vampiric Draining        Necr           0%         2d6       99%         3
 Martyr's Knell           Necr/Summ      0%         N/A       100%        4
 Curse of Agony           Necr           0%         N/A       100%        5


Dungeon Overview and Level Annotations

Branches:
Dungeon (5/15)
 Temple: D:4-7

Altars:
Trog
Vehumet

Shops:
D:2 =


Innate Abilities, Weirdness & Mutations

You have a pair of horns on your head.
You reflexively headbutt those who attack you in melee.


Message History

Done exploring.
Done exploring.
This is a scroll of acquirement!
Done exploring.
Done exploring.
Done exploring.
As you read the scroll labelled CEONNOKH ORCHIU, it crumbles to dust.
A wave of despondency washes over your surroundings.
It was a scroll of vulnerability.
Unknown command.
You start waiting.
You feel your willpower return.
What level of the Dungeon? (default 12, ? - help)
There is a stone staircase leading up here.
There is a stone staircase leading down here.
There is a stone staircase leading down here.
You climb downwards.
The ogre closely misses you. The endoplasm hits you. The endoplasm freezes you.
You are frozen.
There is a stone staircase leading up here.
You slash the ogre!
The ogre is moderately wounded.
The ogre hits you with a +0 giant club. The endoplasm barely misses you.
Unknown command.
You barely miss the ogre.
The ogre is moderately wounded.
The ogre barely misses you. You block the endoplasm's attack.
Unknown command.
You hit the ogre. You headbutt the ogre.
The ogre is heavily wounded.
The endoplasm closely misses you.
The ogre hits you with a +0 giant club!!
* * * LOW HITPOINT WARNING * * *
The endoplasm hits you.
* * * LOW HITPOINT WARNING * * *
You hit the ogre.
The ogre is heavily wounded.
The ogre hits you with a +0 giant club!!
Ouch! That really hurt!
You die...

#.# #.# #.#...... #.#
#........ #.#
#.##........ #######†###
#.##........
..........###.##._..⌠.._
#######>....#.##........
###.#.#.##J.......
#.#.#.##@.......
#.#.#.##O##.....
#.........$.####
###.#..#.#### #.##.#.#
#.##.#.# #.#....#
.......# ###...#.


You could see an ogre and an endoplasm.

Vanquished Creatures
  Jessica (D:2)
  Terence (D:2)
  A ribbon worm (D:2)
  3 dart slugs
  An orc (D:3)
  2 endoplasms (D:2)
  A giant cockroach (D:4)
  4 goblins
  3 hobgoblins
  A quokka (D:1)
  4 ball pythons
  4 bats
  A frilled lizard (D:1)
  7 kobolds
  2 rats
36 creatures vanquished.

Notes
Turn   | Place    | Note
-------+----------+-------------------------------------------
     0 | D:1      | Peloso the Minotaur Fighter began the quest for the Orb.
     0 | D:1      | Reached XP level 1. HP: 19/19 MP: 0/0
   191 | D:1      | Reached XP level 2. HP: 27/27 MP: 1/1
   913 | D:2      | Noticed Terence
   927 | D:2      | Killed Terence
   928 | D:2      | Reached XP level 3. HP: 17/33 MP: 2/2
  1005 | D:2      | Noticed Jessica
  1009 | D:2      | Killed Jessica
  1010 | D:2      | Reached XP level 4. HP: 40/40 MP: 3/3
  1030 | D:2      | Identified the +0 sling "Haolyps" {freeze, rElec Str+4
                  | SInv}
  1108 | D:2      | Found Yjet's Jewellery Emporium.
  1329 | D:3      | Found a faded altar of an unknown god.
  1443 | D:3      | You fall into a shaft and drop 2 floors!
  1443 | D:5      | Entered Level 5 of the Dungeon
  1476 | D:4      | Found a radiant altar of Vehumet.
  1476 | D:4      | Noticed an ogre
  1477 | D:4      | Found a bloodstained altar of Trog.
  2072 | D:3      | Identified a scroll of acquirement
  2175 | D:4      | Mangled by an ogre

Illustrated notes

Levels and vault maps discovered:
D:1:      psy_arrival_conway, layout_basic
D:2:      layout_loops_ring, serial_shops, shop, uniq_jessica, uniq_terence
D:3:      layout_loops_ring, ebering_ecumenical_altar_hall
D:4:      layout_loops_ring, lemuel_round_altar, grunt_temple_overflow_open,
          uniq_natasha, uniq_pikel
D:5:      layout_basic, serial_curves, eino_curves_01, eino_curves_03

Skill      XL: |  1  2  3 |
---------------+----------+-----
Armour         | 4 |  4.9
Fighting       | 4 |  4.3
Shields        | 4 |  4.2
Long Blades    | 3 |  3.1
Dodging        | |  0.5

Action                     |  1- 3 |  4- 6 || total
---------------------------+-------+-------++-------
  Melee: Long sword        |    58 |    39 ||    97
         Headbutt          |    12 |     7 ||    19
    Use: Scroll            |     2 |     1 ||     3
 Armour: Scale mail        |    42 |    24 ||    66
  Dodge: Dodged            |    29 |    15 ||    44
  Block: Buckler           |    14 |    16 ||    30
